 Dungeon Crawl Stone Soup version 0.20-b1 (webtiles) character file.

362 Gorglomux the Cleaver (level 6, 0/57 HPs)
             Began as a Hill Orc Monk on May 19, 2017.
             Slain by Prince Ribbit (12 damage)
             ... on level 4 of the Dungeon.
             The game lasted 00:03:46 (3135 turns).

Gorglomux the Cleaver (Hill Orc Monk)               Turns: 3135, Time: 00:03:46

Health: 0/57       AC:  2    Str: 16    XL:     6   Next: 66%
Magic:  6/6        EV: 13    Int: 10    God:
Gold:   36         SH:  0    Dex: 13    Spells: 5/5 levels left

rFire    . . .     SeeInvis .   v - +2 war axe (elec)
rCold    . . .     Gourm    .   (no shield)
rNeg     . . .     Faith    .   b - +0 robe
rPois    .         Spirit   .   (no helmet)
rElec    .         Reflect  .   (no cloak)
rCorr    .         Harm     .   (no gloves)
MR       .....                  (no boots)
Stlth    ++........             (no amulet)
Regen    0.2/turn               (no ring)
MPRegen  0.1/turn               (no ring)

@: very slightly contaminated, invisible
A: no striking features
a: no special abilities


You were on level 4 of the Dungeon.
You were not hungry.

You visited 1 branch of the dungeon, and saw 5 of its levels.

You collected 232 gold pieces.
You spent 196 gold pieces at shops.

Inventory:

Hand Weapons
 a - a +0 hand axe
 v - a +2 war axe of electrocution (weapon)
   (You found it on level 4 of the Dungeon)
Missiles
 h - 25 sling bullets
Armour
 b - a +0 robe (worn)
 k - a +2 hat
   (You found it on level 1 of the Dungeon)
Wands
 l - a wand of flame (25/48)
   (You found it on level 4 of the Dungeon)
Scrolls
 d - a scroll of amnesia {unknown}
 e - 4 scrolls of fear
 f - 3 scrolls of teleportation
 i - a scroll of enchant armour {unknown}
 m - a scroll of blinking {unknown}
 o - a scroll of enchant weapon {unknown}
 r - 6 scrolls of identify
 t - a scroll of recharging {unknown}
 u - 2 scrolls of remove curse
 z - a scroll of magic mapping {!r}
Potions
 n - a potion of might {unknown}
 p - a potion of berserk rage {unknown}
 q - a potion of flight {unknown}
 s - a potion of haste {unknown}
Comestibles
 c - 2 bread rations {@e1}
 g - 2 meat rations {@e2}
 w - a royal jelly
 x - 5 chunks of flesh {@w0}


   Skills:
 + Level 5.8 Fighting
 * Level 8.1 Axes
 - Level 2.4 Dodging
 - Level 1.5 Stealth


You had 5 spell levels left.
You didn't know any spells.

Dungeon Overview and Level Annotations

Branches:
Dungeon (5/15)
 Temple: D:4-7

Altars:
Fedhas
Gozag
Hepliaklqana
Makhleb
Qazlal
Trog
Vehumet
Yredelemnul

Shops:
D:4 ((%?[

Annotations:
D:2 2 transporters
D:4 Prince Ribbit


Message History

Found a stone staircase leading down.
Some of the chunks of flesh in your inventory have rotted away.
Done exploring.
Done exploring.
No target in view!
No target in view!
Done exploring.
No target in view!
Done exploring.
(D) Dungeon
Where to? (Enter - D:4, ? - help)
There is a stone staircase leading down here.
You climb downwards.
You hear the hiss of flowing sand.
There is an entrance to an ossuary on this level.
Hurry and find it before the portal is buried!
There is a stone staircase leading up here.
Unknown command.
Unknown command.
Found a stone staircase leading down.
An ogre comes into view. It is wielding a giant spiked club.
The ogre moves out of view.
No target in view!
Aim: an ogre, wielding a giant spiked club You throw a javelin.
The javelin hits the ogre.
An orc comes into view. It is wielding a flail.
There are monsters nearby!
You barely miss the ogre. The ogre barely misses you.
There are monsters nearby!
You hit the ogre.
The ogre hits you with a giant spiked club.
You slash the ogre! You slash the orc!
You kill the orc!
The ogre closely misses you.
Unknown command.
You slash the ogre! Lightning courses through the ogre!
You kill the ogre!
Your Axes skill increases to level 8!
No target in view!
Unknown command.
No target in view!
Things that are here:
a giant spiked club; an ogre corpse You butcher the ogre corpse.
x - 5 chunks of flesh {@w0} (gained 2)
You see here a giant spiked club.
Things that are here:
a flail; a scale mail
y - 2 javelins (gained 1)
Found an escape hatch in the ceiling.
A worker ant comes into view.
Aim: a worker ant (resting)
You throw a javelin. The javelin hits the worker ant.
The worker ant twitches its antennae in your direction.
Aim: a worker ant (moderately wounded)
You throw a javelin.
The javelin barely misses the worker ant.
A worker ant is nearby!
You hit the worker ant.
Lightning courses through the worker ant!
You kill the worker ant!
No target in view!
You see here a worker ant corpse.
You now have 36 gold pieces (gained 12).
A sky beast comes into view.
Unknown command.
The sky beast flickers out of sight!
Deactivating autopickup; reactivate with Ctrl-A.
Prince Ribbit comes into view.
Prince Ribbit blinks!
A sky beast appears from thin air!
Reactivating autopickup.
You hear the slow hiss of an avalanche of sand.
Prince Ribbit blinks!
The sky beast flickers out of sight!
Deactivating autopickup; reactivate with Ctrl-A.
Things that are here:
a flail; a scale mail Prince Ribbit blinks!
There is a stone staircase leading up here.
Prince Ribbit hits you! Prince Ribbit hits you.
You climb upwards.
There is a stone staircase leading down here.
You miss Prince Ribbit. Prince Ribbit barely misses you.
Okay, then.
It was a potion of invisibility.
You fade into invisibility!
Prince Ribbit closely misses you.
You are very lightly contaminated with residual magic.
You catch the helpless Prince Ribbit completely off-guard!
You hit Prince Ribbit. Prince Ribbit misses you. x2
You closely miss Prince Ribbit. Prince Ribbit hits you!
Prince Ribbit closely misses you.
You miss Prince Ribbit. Prince Ribbit closely misses you.
You barely miss Prince Ribbit. Prince Ribbit hits you!
* * * LOW HITPOINT WARNING * * *
Prince Ribbit closely misses you.
You slash Prince Ribbit!
Prince Ribbit croaks regally.
Prince Ribbit hits you!
You die...

##################
...............F@#
######.########### #.#
###.##### ####.......#
.......###.#
.........#.#############
....(.##...............#
......##...............#


You could see Prince Ribbit.

Vanquished Creatures
  An ogre (D:5)
  2 hounds (D:4)
  An orc wizard (D:4)
  An iguana (D:4)
  3 worker ants
  3 adders
  2 worms
  7 orcs
  2 giant cockroaches (D:3)
  6 goblins
  12 hobgoblins
  2 jackals (D:2)
  A quokka (D:3)
  7 bats
  A frilled lizard (D:1)
  2 kobolds
  6 rats
59 creatures vanquished.

Notes
Turn   | Place    | Note
-------+----------+-------------------------------------------
     0 | D:1      | Gorglomux the Hill Orc Monk began the quest for the Orb.
     0 | D:1      | Reached XP level 1. HP: 19/19 MP: 1/1
   535 | D:1      | Reached skill level 4 in Fighting
   535 | D:1      | Reached XP level 2. HP: 21/27 MP: 2/2
  1163 | D:2      | Reached XP level 3. HP: 33/33 MP: 3/3
  1170 | D:2      | Reached skill level 5 in Axes
  1328 | D:2      | Noticed a bullfrog
  1335 | D:2      | Found a hazy altar of Hepliaklqana.
  1335 | D:2      | Found a basalt altar of Yredelemnul.
  1335 | D:2      | Found a burning altar of Makhleb.
  1335 | D:2      | Found a radiant altar of Vehumet.
  1397 | D:2      | Found a bloodstained altar of Trog.
  1691 | D:3      | Reached XP level 4. HP: 41/41 MP: 4/4
  1801 | D:3      | Found a stormy altar of Qazlal.
  1803 | D:3      | Noticed a fire elemental
  1804 | D:3      | Noticed a water elemental
  1804 | D:3      | Noticed an air elemental
  1804 | D:3      | Noticed an earth elemental
  2410 | D:4      | Found Taucad's Weapon Emporium.
  2452 | D:4      | Reached skill level 6 in Axes
  2628 | D:4      | Found a blossoming altar of Fedhas.
  2697 | D:4      | Reached XP level 5. HP: 47/47 MP: 5/5
  2703 | D:4      | Found Puischiv's Weapon Boutique.
  2779 | D:4      | Reached skill level 5 in Fighting
  2857 | D:4      | Found an opulent altar of Gozag.
  2858 | D:4      | Found Durouli's Food Shop.
  2871 | D:4      | Reached skill level 7 in Axes
  2879 | D:4      | Found Cutotirgh's Magic Scroll Shop.
  2896 | D:4      | Bought a scroll of remove curse for 42 gold pieces
  2896 | D:4      | Bought a scroll of fear for 49 gold pieces
  2896 | D:4      | Bought a scroll of identify for 28 gold pieces
  2896 | D:4      | Bought a scroll of magic mapping for 49 gold pieces
  2896 | D:4      | Bought a scroll of identify for 28 gold pieces
  2944 | D:4      | Reached XP level 6. HP: 45/56 MP: 6/6
  2945 | D:4      | Found Ytraw's Antique Armour Emporium.
  3068 | D:5      | Entered Level 5 of the Dungeon
  3084 | D:5      | Reached skill level 8 in Axes
  3103 | D:5      | Noticed a sky beast
  3113 | D:5      | Noticed Prince Ribbit
  3134 | D:4      | HP: 12/57 [Prince Ribbit (12)]
  3135 | D:4      | Slain by Prince Ribbit

Skill      XL: |  1  2  3  4  5  6 |
---------------+-------------------+-----
Fighting       | 4 5 |  5.8
Axes           | 5 6 7 8 |  8.1
Dodging        | |  2.4
Stealth        | |  1.5

Action                   |  1- 3 |  4- 6 || total
-------------------------+-------+-------++-------
Melee: Hand axe          |    72 |    28 ||   100
       War axe           |       |    48 ||    48
Throw: Javelin           |    30 |    22 ||    52
  Use: Potion            |     1 |     1 ||     2
       Scroll            |     1 |       ||     1
 Stab: Distracted        |     1 |       ||     1
       Sleeping          |     1 |       ||     1
       Invisible         |       |     1 ||     1
  Eat: Chunk             |     2 |     5 ||     7
Armor: Robe              |    11 |     6 ||    17
Dodge: Dodged            |    53 |    43 ||    96

Vault maps used:
D:1:      dpeg_arrival_line_fractal
D:2:      gammafunk_temple_overflow_arena, st_stairs_1
D:3:      nicolae_qazlal_style_of_elements
D:4:      overflow_temple_1_default, overflow_temple_1_default, serial_shops,
          nicolae_shop_competitors_out_of_business, shop, shop, shop, shop,
          eino_curves_01
D:5:      nicolae_overflow_hidden_temple, gup_ossuary_entry_pyramid,
          first_bread, uniq_blork_the_orc, uniq_eustachio, uniq_prince_ribbit1

Table legend:
 A = Turns spent in this place as a percentage of turns spent in the entire game.
 B = Non-inter-level travel turns spent in this place as a percentage of non-inter-level travel turns spent in the entire game.
 C = Inter-level travel turns spent in this place as a percentage of turns spent in this place.
 D = Turns resting spent in this place as a percentage of non-inter-level travel turns spent in this place.
 E = Turns spent auto-exploring this place as a percentage of non-inter-level travel turns spent in this place.
 F = Non-inter-level travel turns spent in this place divided by the number of levels of this place that you've seen.
                   A       B       C       D       E      F
               +-------+-------+-------+-------+-------+----------------------
         Total | 100.0 | 100.0 |   0.7 |   1.9 |  16.2 | 148.4
       Dungeon | 100.0 | 100.0 |   0.7 |   1.9 |  16.2 | 148.4
               +-------+-------+-------+-------+-------+----------------------

Table legend:
 A = Kills in this place as a percentage of kills in entire the game.
 B = Kills by you in this place as a percentage of kills by you in the entire game.
 C = Kills by friends in this place as a percentage of kills by friends in the entire game.
 D = Other kills in this place as a percentage of other kills in the entire game.
 E = Experience gained in this place as a percentage of experience gained in the entire game.
 F = Experience gained in this place divided by the number of levels of this place that you have seen.
                   A       B       C       D       E      F
               +-------+-------+-------+-------+-------+----------------------
         Total | 100.0 | 100.0 |  -nan |  -nan | 100.0 | 103.6
       Dungeon | 100.0 | 100.0 |  -nan |  -nan | 100.0 | 103.6
               +-------+-------+-------+-------+-------+----------------------
